 Dungeon Crawl Stone Soup version 0.31-a0-788-ga445dbd2db (webtiles) character file.

Game seed: 1653788378124389515

6033 trollebol the Grappler (level 10, -5/96 HPs)
             Began as a Troll Berserker on Sept 18, 2023.
             Was an Elder of Trog.
             Slain by a spriggan
             ... wielding a +0 spear
              (9 damage)
             ... in a bailey.
             The game lasted 00:23:33 (7037 turns).

trollebol the Grappler (Troll Berserker)            Turns: 7037, Time: 00:23:34

Health: -5/96      AC:  7    Str: 29    XL:     10   Next: 56%
Magic:  9/9        EV: 11    Int:  5    God:    Trog [****..]
Gold:   497        SH:  5    Dex:  9    Spells: 9/9 levels left

rFire   . .          .
                       - Unarmed
rCold   . . .        (no shield)
rNeg    . . .        E - +0 steam dragon scales
rPois   +            (helmet restricted)
rElec   .            (no cloak)
rCorr   .            (gloves unavailable)
SInv    .            (boots unavailable)
Will    .....        i - amulet of reflection
Stlth   ++           l - ring of poison resistance
HPRegen 1.16/turn    (no ring)
MPRegen 0.11/turn

%: reflection
@: no status effects
A: large, unfitting armour, claws 3, regeneration 1, shaggy fur 1, tough skin 1
a: Renounce Religion, Berserk, Trog's Hand, Brothers in Arms


You were in a bailey.
You worshipped Trog.
Trog was greatly pleased with you.
You visited 1 branch of the dungeon, and saw 9 of its levels.
You also visited: Bailey.

You collected 497 gold pieces.

Inventory:

Hand Weapons
 A - the +6 morningstar "With Two Names" {venom, Str+5 Stlth-}
   (You found it on level 6 of the Dungeon)

   Str+5:     It affects your strength (+5).
   Stlth-:    It makes you less stealthy.
Armour
 h - a +0 buckler
 E - +0 steam dragon scales (worn)
Jewellery
 f - a ring of positive energy
 i - an amulet of reflection (around neck)
 l - a ring of poison resistance (left claw)
 w - a ring of flight
Wands
 v - a wand of iceblast (22)
 x - a wand of flame (4)
 B - a wand of polymorph (13)
Scrolls
 g - a scroll of enchant armour
 j - a scroll of blinking
 k - 2 scrolls of revelation
 m - 4 scrolls of teleportation
 n - a scroll of torment {unknown}
 o - a scroll of acquirement {unknown}
 q - 2 scrolls of poison
 s - a scroll of brand weapon {unknown}
 u - a scroll of fear {unknown}
 y - 2 scrolls of amnesia
Potions
 a - a potion of curing
 b - 3 potions of enlightenment
 d - 2 potions of lignification
 e - a potion of haste
 p - 2 potions of berserk rage
 r - 2 potions of mutation
 t - 2 potions of attraction {unknown}
 z - a potion of ambrosia {unknown}
 C - a potion of degeneration {unknown}
 D - a potion of brilliance {unknown}


   Skills:
 * Level 5.2 Fighting
 * Level 1.8 Armour
 * Level 6.5 Dodging
 + Level 2.2 Stealth
 + Level 3.1 Shields
 * Level 12.1 Unarmed Combat


You had 9 spell levels left.
You didn't know any spells.
Your spell library was empty.

Dungeon Overview and Level Annotations

Branches:
Dungeon (9/15)             Temple (0/1) D:4          Bailey (1/1)
   Lair: D:8-11         Orc: D:9-12

Altars:
Cheibriados
Dithmenos
Elyvilon
Fedhas
Gozag
Hepliaklqana
Okawaru
Qazlal
Ru
Trog
Uskayaw
Xom

Shops:
D:5 :

Annotations:
D:7 Jeremiah


Innate Abilities, Weirdness & Mutations

You are too large for most types of armour.
You have claws for hands.
Your natural rate of healing is unusually fast.
You are covered in fur. (AC +1)
You have tough skin. (AC +1)


Message History

The spriggan shouts!
You scratch the two-headed ogre. Your claw misses the two-headed ogre.
The two-headed ogre is lightly wounded.
You hear a shout!
You barely miss the two-headed ogre.
The two-headed ogre is lightly wounded.
The two-headed ogre hits you with a +0 glaive!!
The two-headed ogre hits you with a +0 halberd.
You mangle the two-headed ogre!!
The two-headed ogre is heavily wounded.
The spriggan barely misses you.
You scratch the two-headed ogre. Your claw misses the two-headed ogre.
The two-headed ogre is heavily wounded.
An ogre comes into view. It is wielding a +0 halberd.
The two-headed ogre hits you with a +0 glaive!!
You block the two-headed ogre's attack. The spriggan completely misses you.
You claw the two-headed ogre!
The two-headed ogre is severely wounded.
The ogre hits you from afar with a +0 halberd!
You scratch the two-headed ogre.
The two-headed ogre is severely wounded.
The two-headed ogre closely misses you.
The two-headed ogre hits you with a +0 halberd!
The spriggan closely misses you.
You completely miss the two-headed ogre.
The two-headed ogre is severely wounded.
The ogre closely misses you.
The spriggan hits you from afar with a +0 spear!
* * * LOW HITPOINT WARNING * * *
You scratch the two-headed ogre.
The two-headed ogre is almost dead.
The two-headed ogre barely misses you. The two-headed ogre closely misses you.
The spriggan hits you from afar with a +0 spear!
* * * LOW HITPOINT WARNING * * *
The two-headed ogre closely misses you.
The two-headed ogre hits you from afar with a +0 halberd!
* * * LOW HITPOINT WARNING * * *
The spriggan attacks as it pursues you!
The spriggan hits you from afar with a +0 spear!
You die...

#########
##.......##
##....).)..##
##..#####♣#..##
##..#♣ ##..##
##..## #♣@.##
##..## #...#
~~..# #i..#
~~..♣ ♣O..#
~~..# O~..#
~~..# .#~..#
~~..# ♣.#...#
##..#♣ . #...#
##..## .. #..##


You could see a two-headed ogre, an ogre and a spriggan.

Vanquished Creatures
  Erica (D:8)
  Maggie (D:8)
  Psyche (D:8)
  A hornet (D:8)
  A polar bear (D:8)
  A spriggan (Bailey)
  A yak (D:8)
  Grum (D:8)
  2 steam dragons
  2 acid dragons (D:8)
  A water moccasin (D:6)
  4 orc warriors
  An ice beast (D:8)
  3 black bears
  2 sky beasts
  The ghost of PotatoSalad1221 the Ruffian, an amateur DrSh (D:4)
  3 ogres
  2 wolves (D:8)
  4 centaurs
  2 phantoms
  2 scorpions
  4 bullfrogs
  3 wights (D:8)
  4 howler monkeys (D:8)
  An electric eel (D:8)
  4 jellies
  6 orc priests
  A gnoll bouda (D:5)
  2 hounds
  3 iguanas
  6 orc wizards
  A centaur simulacrum (D:8)
  10 gnolls
  7 adders
  2 ufetubi
  26 orcs
  4 bats
  6 endoplasms
  9 giant cockroaches
  10 goblins
  3 hobgoblins
  5 quokkas
  7 ball pythons
  2 frilled lizards
  8 kobolds
  7 rats
178 creatures vanquished.

Notes
Turn   | Place    | Note
-------+----------+-------------------------------------------
     0 | D:1      | trollebol the Troll Berserker began the quest for the Orb.
     0 | D:1      | Reached XP level 1. HP: 22/22 MP: 0/0
   109 | D:1      | Reached XP level 2. HP: 29/29 MP: 1/1
   410 | D:1      | You fall into a shaft and drop 1 floor!
   428 | D:2      | Reached XP level 3. HP: 36/36 MP: 2/2
   674 | D:1      | Reached ** piety under Trog
  1191 | D:3      | Reached skill level 4 in Unarmed Combat
  1191 | D:3      | Reached XP level 4. HP: 43/44 MP: 3/3
  1463 | D:3      | Found a shimmering altar of Xom.
  1482 | D:3      | Reached XP level 5. HP: 52/52 MP: 4/4
  1655 | D:3      | Found a bloodstained altar of Trog.
  1934 | D:3      | Found an iron altar of Okawaru.
  1936 | D:3      | Found a stormy altar of Qazlal.
  2035 | D:3      | Found a blossoming altar of Fedhas.
  2035 | D:3      | Found a white marble altar of Elyvilon.
  2037 | D:3      | Found a sacrificial altar of Ru.
  2235 | D:4      | Found a runed translucent door.
  2241 | D:4      | Noticed PotatoSalad1221's ghost (amateur DrSh)
  2360 | D:4      | Reached skill level 1 in Stealth
  2360 | D:4      | Reached skill level 5 in Unarmed Combat
  2435 | D:4      | Found a staircase to the Ecumenical Temple.
  2542 | D:4      | Noticed a black bear
  2551 | D:4      | Killed a black bear
  2552 | D:4      | Reached XP level 6. HP: 53/61 MP: 5/5
  2811 | D:4      | Found a hazy altar of Hepliaklqana.
  2812 | D:4      | Found a shadowy altar of Dithmenos.
  2812 | D:4      | Noticed a shadow
  3231 | D:4      | Killed PotatoSalad1221's ghost
  3232 | D:4      | Reached skill level 6 in Unarmed Combat
  3839 | D:5      | Entered Level 5 of the Dungeon
  3954 | D:5      | Found Utsause's Vocational Training.
  3990 | D:5      | Found a snail-covered altar of Cheibriados.
  4007 | D:5      | Reached XP level 7. HP: 67/67 MP: 6/6
  4147 | D:5      | Reached skill level 1 in Shields
  4289 | D:5      | Reached skill level 7 in Unarmed Combat
  4463 | D:5      | Reached XP level 8. HP: 73/75 MP: 7/7
  4639 | D:6      | Reached *** piety under Trog
  4769 | D:6      | Reached skill level 8 in Unarmed Combat
  5126 | D:6      | Identified the +6 morningstar "With Two Names" {venom,
                  | Str+5 Stlth-}
  5238 | D:7      | Reached skill level 5 in Dodging
  5238 | D:7      | Reached skill level 9 in Unarmed Combat
  5245 | D:7      | Reached XP level 9. HP: 67/84 MP: 8/8
  5313 | D:7      | Noticed Jeremiah
  5334 | D:6      | Reached **** piety under Trog
  5398 | D:7      | Found an opulent altar of Gozag.
  5544 | D:7      | Found a hide-covered altar of Uskayaw.
  5789 | D:8      | Noticed Psyche
  5797 | D:8      | Killed Psyche
  5798 | D:8      | Reached skill level 10 in Unarmed Combat
  5829 | D:8      | Noticed Maggie
  5840 | D:8      | Killed Maggie
  6075 | D:8      | Reached skill level 11 in Unarmed Combat
  6177 | D:8      | Noticed a polar bear
  6182 | D:8      | Noticed Grum
  6187 | D:8      | Killed a polar bear
  6188 | D:8      | Reached XP level 10. HP: 74/94 MP: 9/9
  6200 | D:8      | Killed Grum
  6276 | D:8      | Reached skill level 1 in Armour
  6426 | D:8      | Reached skill level 5 in Fighting
  6689 | D:8      | Noticed Erica
  6699 | D:8      | Killed Erica
  6934 | D:9      | Found a flagged portal.
  6951 | Bailey   | Entered a bailey
  6965 | Bailey   | Reached skill level 12 in Unarmed Combat
  7021 | Bailey   | Noticed a two-headed ogre
  7036 | Bailey   | HP: 3/96 [two-headed ogre/+0 glaive (9)]
  7037 | Bailey   | Slain by a spriggan

Illustrated notes

Levels and vault maps discovered:
D:1:      lemuel_arrival_behind_the_door_large, layout_loops_ring
D:2:      layout_loops_cross
D:3:      layout_loops_ring, xom_butterflies, old_standard_altar,
          nicolae_overflow_hidden_temple, minmay_misc_feat_rows
D:4:      layout_basic, riverfiend_overflow_shadow_ancestor,
          minmay_temple_entry_sparse_star, hellmonk_ghost_happy_afterlife
D:5:      layout_basic, mainiacjoe_overflow_surrounded_room,
          nicolae_shop_vocational
D:6:      layout_basic
D:7:      layout_cave_pools, nicolae_uskayaw_murder_on_the_dancefloor,
          kennysheep_mini_moat, uniq_jeremiah
D:8:      layout_gridville, serial_ice, serial_ice_l, serial_ice_e,
          serial_ice_d, serial_ice_m, minmay_misc_feat_iff, uniq_grum,
          uniq_maggie, uniq_psyche, uniq_erica
D:9:      layout_basic, enter_bailey_5, minmay_misc_feat_x, st_stairs_4
Bailey:   bailey_polearm_enchanted_keep_hellmonk, bailey

Skill      XL: |  1  2  3  4  5  6  7  8  9 10 |
---------------+-------------------------------+-----
Dodging        | 3 4 5 6 |  6.5
Unarmed Combat | 4 5 6 7 9 11 12 | 12.1
Fighting       | 3 4 5 |  5.2
Stealth        | 1 2 |  2.2
Shields        | 1 2 3 |  3.1
Armour         | 1 |  1.8

Action                     |  1- 3 |  4- 6 |  7- 9 | 10-12 || total
---------------------------+-------+-------+-------+-------++-------
  Melee: Unarmed           |    84 |   104 |   289 |    79 ||   556
         Punch             |     1 |     3 |    11 |     7 ||    22
    Use: Scroll            |     3 |     3 |     7 |       ||    13
         Potion            |       |       |       |     1 ||     1
   Stab: Sleeping          |     1 |     2 |     2 |     1 ||     6
 Armour: Animal skin       |    40 |    54 |   157 |       ||   251
         Steam dragon scal |       |       |    33 |    60 ||    93
         Skin              |       |       |     9 |       ||     9
  Dodge: Dodged            |    42 |    35 |   122 |    42 ||   241
  Block: Other             |       |    19 |    74 |    19 ||   112
         Reflection        |       |     1 |     1 |       ||     2

Table legend: (Time is in decaauts)
 A = Elapsed time spent in this place.
 B = Non-inter-level travel time spent in this place.
 C = Inter-level travel time spent in this place.
 D = Time resting spent in this place.
 E = Time spent auto-exploring this place.
 F = Levels seen in this place.
 G = Mean time per level.
                   A        B        C        D        E       F      G
               +--------+--------+--------+--------+--------+-----+--------+
         Total |   6963 |   5532 |   1431 |    181 |   3374 |  10 |  696.3 |
       Dungeon |   6881 |   5450 |   1431 |    181 |   3348 |   9 |  764.6 |
        Bailey |     82 |     82 |      0 |      0 |     26 |   1 |   82.0 |
               +--------+--------+--------+--------+--------+-----+--------+

Top non-repeatable levels by time:
     D:4: 1673 daAuts
     D:8: 1137 daAuts
     D:3: 1020 daAuts
     D:5: 733 daAuts
     D:1: 648 daAuts
     D:6: 611 daAuts
     D:7: 547 daAuts
     D:2: 486 daAuts
  Bailey: 82 daAuts
     D:9: 22 daAuts
